 Dungeon Crawl Stone Soup version 0.32-a0-12-g7fc57aa741 (console) character file.

Game seed: 8127830341934334554

55 petzl the Sneak (level 4, -1/35 HPs)
             Began as a Formicid Delver on Jan 14, 2024.
             Killed by psychic fangs
             ... invoked by a brain worm
              (6 damage)
             ... in a sewer.
             The game lasted 00:06:43 (861 turns).

petzl the Sneak (Formicid Delver)                    Turns: 861, Time: 00:06:43

Health: -1/35      AC:  3    Str: 17    XL:     4   Next: 14%
Magic:  7/9        EV: 12    Int: 11    God:
Gold:   9          SH:  0    Dex: 15    Spells: 9/9 levels left

rFire   . . .        a - +0 mace
rCold   . . .        (no shield)
rNeg    . . .        b - +0 leather armour
rPois   .            (helmet unavailable)
rElec   .            (no cloak)
rCorr   .            (no gloves)
SInv    +            (no boots)
Will    .....        (no amulet)
Stlth   +++          (no ring)
HPRegen 0.25/turn    (no ring)
MPRegen 0.11/turn

%: no passive effects
@: no status effects
A: permanent stasis, dig shafts and tunnels, antennae 3, four strong arms
a: Dig


You were in a sewer.
You visited 1 branch of the dungeon, and saw 4 of its levels.
You also visited: Sewer.

You collected 9 gold pieces.

Inventory:

Hand Weapons
 a - a +0 mace (weapon)
Armour
 b - a +0 leather armour (worn)
Wands
 f - a wand of digging (3)
Scrolls
 c - 2 scrolls of fog
 d - a scroll of revelation
 g - a scroll of identify {unknown}
 m - a scroll of blinking {unknown}
Potions
 i - a potion of curing


   Skills:
 - Level 3.2 Fighting
 - Level 2.0 Maces & Flails
 - Level 1.7 Dodging
 - Level 6.0 Stealth
 + Level 3.4 Spellcasting


You had 9 spell levels left.
You didn't know any spells.
Your spell library was empty.

Dungeon Overview and Level Annotations

Branches:
Dungeon (6/15)              Sewer (1/1)
 Temple: D:4-7

Altars:


Innate Abilities, Weirdness & Mutations

You cannot be hasted, slowed, berserked, paralysed or teleported.
You can dig through walls and to a lower floor.
You have a pair of large antennae on your head. (SInv)
Your four strong arms can wield two-handed weapons with a shield.


Message History

You swap places.
You enter the shallow water.
Moving in this stuff is going to be slow.
The brain worm's throbbing head pulsates.
Something gnaws on your mind!
You feel your power leaking away.
You swap places.
The brain worm misses your butterfly.
You swap places.
You see here a poisoned dart.
You enter the shallow water.
Moving in this stuff is going to be slow.
The brain worm's throbbing head pulsates.
Something gnaws on your mind!
You feel your power leaking away.
You see here a poisoned dart.
You swap places.
The brain worm bites you. x2
* * * LOW HITPOINT WARNING * * *
You enter the shallow water.
Moving in this stuff is going to be slow.
The ball python bites you but does no damage.
The ball python barely misses you.
Your unstable footing causes you to fumble your attack.
The ball python closely misses you. The ball python grabs you.
The ball python constricts you. The brain worm completely misses you.
You hit the ball python.
You kill the ball python!
The brain worm bites you.
* * * LOW HITPOINT WARNING * * *
The brain worm bites your butterfly.
Your butterfly dies!
Your butterfly disappears in a burst of colours!
You enter the shallow water.
Moving in this stuff is going to be slow.
The brain worm's bulging head throbs.
Something gnaws on your mind!
* * * LOW HITPOINT WARNING * * *
You feel your power leaking away.
Your butterfly disappears in a burst of colours!
The brain worm's throbbing head pulsates.
Something gnaws on your mind!
You die...

################################
≈≈≈≈#≈~b~.((bbbb~b.@~~~~~.~~.~.~
≈≈≈≈#≈~.b..~bb.bw.~.~~.~~~.~~.~.
########################.######
#.# #.# #~# #~# #.# #~# #~# #~#
##################.##############
#∩....~.~~.~...~~~~~~~~...~......
#∩..~~......~..†~~~~~~~.~.....~..
#################################


You could see a brain worm (ally target).

Vanquished Creatures
  3 adders
  A river rat (D:3)
  3 orcs (D:3)
  A ball python (Sewer)
  2 endoplasms (D:3)
  A goblin (D:3)
  A hobgoblin (D:4)
  2 frilled lizards (Sewer)
  4 rats
18 creatures vanquished.

Notes
Turn   | Place    | Note
-------+----------+-------------------------------------------
     0 | D:5      | petzl the Formicid Delver began the quest for the Orb.
     0 | D:5      | Reached XP level 1. HP: 18/18 MP: 1/1
    23 | D:6      | Noticed an orc wizard
    74 | D:5      | Noticed a black bear
    79 | D:5      | Noticed a hound
   110 | D:5      | Noticed a scorpion
   159 | D:4      | Noticed a jelly
   207 | D:3      | Reached skill level 1 in Spellcasting
   217 | D:3      | Found a glowing drain.
   244 | D:3      | Reached XP level 2. HP: 24/24 MP: 3/5
   285 | D:3      | Reached XP level 3. HP: 14/29 MP: 6/6
   517 | Sewer    | Entered a sewer
   587 | Sewer    | Noticed a brain worm
   691 | Sewer    | Reached XP level 4. HP: 11/35 MP: 9/9
   861 | Sewer    | Killed from afar by a brain worm

Illustrated notes

Levels and vault maps discovered:
D:3:      layout_basic, gammafunk_ghost_icy, portal_sewer_entry_a, uniq_natasha
D:4:      layout_loops_ring, biasface_ghost_orc_armoury,
          minmay_misc_feat_encased
D:5:      layout_rooms
D:6:      layout_rooms, okawaru_ov_weapons_minmay, serial_shops,
          nicolae_shop_behind_doors, kennysheep_little_box, shop, shop,
          uniq_grinder
Sewer:    sewer_co_cracked_pipes

Skill      XL: |  1  2  3 |
---------------+----------+-----
Spellcasting   | 2 3 |  3.4
Fighting       | |  3.2
Maces & Flails | |  2.0
Dodging        | |  1.7
Stealth        | |  6.0

Action                     |  1- 3 |  4- 6 || total
---------------------------+-------+-------++-------
  Melee: Mace              |    54 |     4 ||    58
  Throw: Dart              |    12 |     2 ||    14
    Use: Potion            |       |     3 ||     3
         Scroll            |       |     2 ||     2
   Stab: Sleeping          |     2 |       ||     2
 Armour: Leather armour    |    34 |    17 ||    51
  Dodge: Dodged            |    52 |    17 ||    69

Table legend: (Time is in decaauts)
 A = Elapsed time spent in this place.
 B = Non-inter-level travel time spent in this place.
 C = Inter-level travel time spent in this place.
 D = Time resting spent in this place.
 E = Time spent auto-exploring this place.
 F = Levels seen in this place.
 G = Mean time per level.
                   A        B        C        D        E       F      G
               +--------+--------+--------+--------+--------+-----+--------+
         Total |    911 |    911 |      0 |    302 |      0 |   5 |  182.2 |
       Dungeon |    525 |    525 |      0 |    172 |      0 |   4 |  131.2 |
         Sewer |    386 |    386 |      0 |    130 |      0 |   1 |  386.0 |
               +--------+--------+--------+--------+--------+-----+--------+

Top non-repeatable levels by time:
   Sewer: 386 daAuts
     D:3: 329 daAuts
     D:4: 111 daAuts
     D:5: 78 daAuts
     D:6: 5 daAuts
